 Dungeon Sprint DCSS version 0.18.1-48-g4cf74bf (webtiles) character file.

2611 IcyTea the Destroyer (level 9, 0/65 HPs)
             Began as a Demonspawn Fire Elementalist on Sept 3, 2016.
             Was a High Priest of Vehumet.
             Succumbed to a redback's poison
             ... in the Dungeon (Sprint III: "The Ten Rune Challenge").
             The game lasted 00:19:31 (2586 turns).

IcyTea the Destroyer (Demonspawn Fire Elementalist) Turns: 2586, Time: 00:19:31

Health: 0/65       AC:  3    Str:  9    XL:     9   Next: 34%
Magic:  21/23      EV: 20    Int: 20    God:    Vehumet [*****.]
Gold:   1235       SH:  0    Dex: 18    Spells: 7 memorised, 4 levels left

rFire  + . .     SeeInvis .     w - +0 long sword
rCold  . . .     Gourm    .     a - +1 robe
rNeg   . . .     Faith    .     (no shield)
rPois  .         Spirit   .     (helmet restricted)
rElec  +         Dismiss  .     (no cloak)
rCorr  .         Reflect  .     (no gloves)
SustAt .         Harm     .     (no boots)
MR     .....     NoTele   +     (no amulet)
Stlth  +++.......               (no ring)
                                (no ring)

@: agile, lethally poisoned (0 -> -28), not resistant to hostile enchantments,
fairly stealthy
A: fangs 1, horns 1, repulsion field 2, fire resistance 1, electricity
resistance
a: Renounce Religion


You were in the Dungeon.
You worshipped Vehumet.
Vehumet was extremely pleased with you.
You were very hungry.

You visited 1 branch You collected 1404 gold pieces.
You spent 169 gold pieces at shops.

Inventory:

Hand Weapons
 w - a +0 long sword (weapon)
Armour
 a - a +1 robe (worn)
Scrolls
 i - a scroll of blinking
 m - a scroll of remove curse
 q - 3 scrolls of identify
Potions
 f - a potion of haste
 g - 2 potions of magic
Books
 b - a book of Flames

   Spells                             Type                      Level
   a - Flame Tongue                   Conjuration/Fire             1
   b - Throw Flame                    Conjuration/Fire             2
   c - Conjure Flame                  Conjuration/Fire             3
   d - Inner Flame                    Hexes/Fire                   3
   e - Sticky Flame                   Conjuration/Fire             4
   f - Fireball                       Conjuration/Fire             5
 d - a book of Ice

   Spells                             Type                      Level
   a - Ice Form                       Ice/Transmutation            4
   b - Metabolic Englaciation         Hexes/Ice                    5
   c - Ozocubu's Refrigeration        Ice                          6
   d - Bolt of Cold                   Conjuration/Ice              6
   e - Freezing Cloud                 Conjuration/Ice/Air          6
   f - Simulacrum                     Ice/Necromancy               6
 t - a book of Alchemy

   Spells                             Type                      Level
   a - Sublimation of Blood           Necromancy                   2
   b - Ignite Poison                  Fire/Transmutation/Poison    3
   c - Petrify                        Transmutation/Earth          4
   d - Alistair's Intoxication        Transmutation/Poison         5
   e - Irradiate                      Conjuration/Transmutation    5
Miscellaneous
 h - a box of beasts
Comestibles
 c - a bread ration
 r - a meat ration
 u - a royal jelly


   Skills:
 - Level 4.0 Fighting
 - Level 1.7 Dodging
 - Level 1.7 Stealth
 + Level 10.4 Spellcasting
 - Level 14.5 Conjurations
 - Level 6.2 Fire Magic
 - Level 7.2 Ice Magic


You had 4 spell levels left.
You knew the following spells:

 Your Spells              Type           Power        Failure   Level  Hunger
a - Flame Tongue          Conj/Fire      #####        1%          1    None
b - Conjure Flame         Conj/Fire      ######..     1%          3    None
c - Fireball              Conj/Fire      ######....   1%          5    ####...
d - Sticky Flame          Conj/Fire      ######..     1%          4    ##.....
e - Ignite Poison         Fire/Trmt/Pois ###.....     2%          3    None
f - Bolt of Cold          Conj/Ice       ######....   3%          6    ######.
g - Throw Frost           Conj/Ice       ######       1%          2    None


Dungeon Overview and Level Annotations

Branches:
Dungeon (1/1)

Altars:
Cheibriados
Dithmenos
Elyvilon
Fedhas
Gozag
Kikubaaqudgha
Makhleb
Nemelex Xobeh
Okawaru
Pakellas
Qazlal
Ru
Sif Muna
Trog
Vehumet
Xom
Yredelemnul
Zin
The Shining One
Jiyva
Lugonu

Shops:
D (

Annotations:
D Erolcha


Innate Abilities, Weirdness & Mutations

You have a pair of small horns on your head.
You are surrounded by a moderate repulsion field (EV +3).
Your flesh is heat resistant.
You have very sharp teeth.
You are resistant to electric shocks.


Message History

Drink which item? (? for menu, Esc to quit)
You feel much better.
You feel very sick.
* * * LOW HITPOINT WARNING * * *
You feel very sick.
* * * LOW HITPOINT WARNING * * *
You feel very sick.
Items here: ))))) a hand axe; a giant club x2; a giant spiked club x2
* * * LOW HITPOINT WARNING * * *
You feel very sick.
* * * LOW HITPOINT WARNING * * *
You feel very sick.
* * * LOW HITPOINT WARNING * * *
You feel very sick.
* * * LOW HITPOINT WARNING * * *
You feel sick.
* * * LOW HITPOINT WARNING * * *
You feel very sick.
You die...

▓▓▓ ▓▓▓ # ##.##############
##.####
#####..#___#__[#__#.####.∩)..+
.#..#..#.).#...#._#...).))...#
.#..#..###'#'###'##.÷).......#
.##'#..#.......)@.#.÷.)[...###
.###...')⌠..)...).#.#...##.#.#
####...#...######)#)#######.##
###....#.⌠.#__#.).#'#############
##.....#...#__#.))#.)..#.#.#.)...
#......#)###__#...##)#..#.##.###O
.#.....#.).#__#...'##.#.#.##.#..#
###....#___#__'...#.).#..#.C##..
▓▓▓▓▓▓▓▓▓▓▓▓▓▓▓▓▓▓▓▓▓▓▓▓▓▓▓▓▓▓


There were no monsters in sight!

Vanquished Creatures
  A deep elf mage (D)
  An orc sorcerer (D)
  A shadow (D)
  A redback (D)
  2 hill giants (D)
  A spatial vortex (D)
  3 orc warriors (D)
  A necrophage (D)
  3 two-headed ogres (D)
  A water elemental (D)
  A scorpion (D)
  An orc priest (D)
  A jelly (D)
  Jessica (D)
  A wizard (D)
  An orc wizard (D)
  A necromancer (D)
  A kobold demonologist (D)
  3 humans (D)
  An ooze (D)
  11 orcs (D)
  2 rats (D)
40 creatures vanquished.

Vanquished Creatures (others)
  2 draconian scorchers (D)
  2 yaktaurs (D)
  An electric eel (D)
5 creatures vanquished.

Grand Total: 45 creatures vanquished

Notes
Turn   | Place    | Note
--------------------------------------------------------------
     0 | D        | IcyTea the Demonspawn Fire Elementalist began the quest for the Orb.
     0 | D        | Reached XP level 1. HP: 13/13 MP: 3/3
    88 | D        | Noticed Jessica
    95 | D        | Killed Jessica
    95 | D        | Gained mutation: You are surrounded by a mild repulsion field (EV +2). [demonic ancestry]
    95 | D        | Reached XP level 2. HP: 19/19 MP: 1/5
    95 | D        | Reached XP level 3. HP: 24/24 MP: 1/6
   100 | D        | Learned a level 3 spell: Conjure Flame
   169 | D        | Killed a white draconian scorcher
   196 | D        | Reached skill level 3 in Conjurations
   214 | D        | Killed a yaktaur
   253 | D        | Killed a white draconian scorcher
   357 | D        | Noticed a scorpion
   375 | D        | Killed a scorpion
   375 | D        | Reached skill level 6 in Conjurations
   375 | D        | Gained mutation: You have a pair of small horns on your head. [demonic ancestry]
   375 | D        | Reached XP level 4. HP: 10/30 MP: 2/7
   450 | D        | Killed a yaktaur
   574 | D        | Gained mutation: Your muscles are strong. (Str +2) [potion of mutation]
   574 | D        | Gained mutation: Scrolls take you a little longer to read. [potion of mutation]
   574 | D        | Gained mutation: You possess an exceptional clarity of mind. [potion of mutation]
   575 | D        | Gained mutation: You have a pair of horns on your head. [potion of mutation]
   575 | D        | Gained mutation: You have very sharp teeth. [potion of mutation]
   575 | D        | Gained mutation: You are resistant to electric shocks. [potion of mutation]
   579 | D        | Noticed a water elemental
   589 | D        | Killed a water elemental
   589 | D        | Reached skill level 5 in Spellcasting
   589 | D        | Gained mutation: Your flesh is heat resistant. [demonic ancestry]
   589 | D        | Reached XP level 5. HP: 21/35 MP: 1/12
   596 | D        | Learned a level 5 spell: Fireball
   601 | D        | Learned a level 4 spell: Sticky Flame
   717 | D        | Found a glowing silver altar of Zin.
   717 | D        | Found a glowing golden altar of the Shining One.
   717 | D        | Found a white marble altar of Elyvilon.
   718 | D        | Noticed a deep elf mage
   726 | D        | Killed a deep elf mage
   726 | D        | Reached skill level 12 in Conjurations
   726 | D        | Reached XP level 6. HP: 12/41 MP: 0/14
   726 | D        | Gained mutation: You are surrounded by a moderate repulsion field (EV +3). [demonic ancestry]
   726 | D        | Reached XP level 7. HP: 14/46 MP: 0/15
   942 | D        | Found an iron altar of Okawaru.
   942 | D        | Found a bloodstained altar of Trog.
   942 | D        | Noticed a human
   945 | D        | Noticed a human
   955 | D        | Killed a human
   955 | D        | Reached skill level 13 in Conjurations
  1057 | D        | Killed a human
  1057 | D        | Reached skill level 14 in Conjurations
  1143 | D        | Found a basalt altar of Yredelemnul.
  1143 | D        | Found a snail-covered altar of Cheibriados.
  1143 | D        | Found a blossoming altar of Fedhas.
  1145 | D        | Reached skill level 1 in Fighting
  1200 | D        | Found a radiant altar of Vehumet.
  1200 | D        | Found a deep blue altar of Sif Muna.
  1200 | D        | Found an ancient bone altar of Kikubaaqudgha.
  1299 | D        | Learned a level 3 spell: Ignite Poison
  1301 | D        | Became a worshipper of Vehumet
  1315 | D        | Noticed a shadow
  1321 | D        | Killed a shadow
  1321 | D        | Reached XP level 8. HP: 60/60 MP: 1/18
  1471 | D        | Found an oddly glowing altar of Pakellas.
  1471 | D        | Found a stormy altar of Qazlal.
  1471 | D        | Found a sacrificial altar of Ru.
  1471 | D        | Found a burning altar of Makhleb.
  1471 | D        | Found a shimmering altar of Xom.
  1520 | D        | Reached * piety under Vehumet
  1520 | D        | Offered knowledge of Sandblast by Vehumet.
  1536 | D        | Learned a level 6 spell: Bolt of Cold
  1640 | D        | Noticed an orc sorcerer
  1641 | D        | Reached ** piety under Vehumet
  1643 | D        | Reached skill level 1 in Ice Magic
  1644 | D        | Found Dothiffe's Antique Weapon Emporium.
  1655 | D        | Killed an orc sorcerer
  1655 | D        | Offered knowledge of Throw Frost by Vehumet.
  1655 | D        | Reached *** piety under Vehumet
  1662 | D        | Reached XP level 9. HP: 37/65 MP: 7/21
  1667 | D        | Learned a level 2 spell: Throw Frost
  1735 | D        | Offered knowledge of Static Discharge by Vehumet.
  1737 | D        | Reached **** piety under Vehumet
  1829 | D        | Reached ***** piety under Vehumet
  1871 | D        | Bought a glowing flail for 91 gold pieces
  1875 | D        | Bought a glowing mace for 78 gold pieces
  2026 | D        | Offered knowledge of Throw Icicle by Vehumet.
  2228 | D        | Found a viscous altar of Jiyva.
  2228 | D        | Found a shadowy altar of Dithmenos.
  2228 | D        | Found a sparkling altar of Nemelex Xobeh.
  2228 | D        | Found a corrupted altar of Lugonu.
  2228 | D        | Found an opulent altar of Gozag.
  2345 | D        | Offered knowledge of Fulminant Prism by Vehumet.
  2357 | D        | Noticed Erolcha
  2574 | D        | HP: 2/65 [redback (17)]
  2575 | D        | Offered knowledge of Bolt of Fire by Vehumet.
  2575 | D        | Reached skill level 10 in Spellcasting
  2577 | D        | Lost mutation: You possess an exceptional clarity of mind. [potion of cure mutation]
  2577 | D        | Lost mutation: You have a pair of horns on your head. [potion of cure mutation]
  2577 | D        | Lost mutation: Your muscles are strong. (Str +2) [potion of cure mutation]
  2577 | D        | Lost mutation: Scrolls take you a little longer to read. [potion of cure mutation]
  2585 | D        | HP: 1/65 [poisoned by a redback]
  2586 | D        | Succumbed to a redback's poison

Skill      XL: |  1  2  3  4  5  6  7  8  9 |
---------------+----------------------------+-----
Fire Magic     | 6 |  6.2
Conjurations   | 6 12 14 | 14.5
Spellcasting   | 5 6 8 10 | 10.4
Fighting       | 4 |  4.0
Ice Magic      | 7 |  7.2
Dodging        | |  1.7
Stealth        | |  1.7

Action                   |  1- 3 |  4- 6 |  7- 9 || total
-------------------------+-------+-------+-------++-------
Melee: Unarmed           |     2 |       |       ||     2
       Dagger            |    16 |     1 |     7 ||    24
       Bite              |       |       |     2 ||     2
       Headbutt          |       |       |     2 ||     2
       Long sword        |       |       |     5 ||     5
 Cast: Flame Tongue      |    15 |     9 |    44 ||    68
       Sticky Flame      |       |     2 |    12 ||    14
       Fireball          |       |       |     9 ||     9
       Conjure Flame     |       |       |     5 ||     5
       Bolt of Cold      |       |       |     1 ||     1
  Use: Potion            |     1 |     4 |     4 ||     9
       Scroll            |       |       |     5 ||     5
 Stab: Sleeping          |       |       |     2 ||     2
  Eat: Chunk             |       |       |     7 ||     7
       Fruit             |       |       |     3 ||     3
Armor: Robe              |     3 |       |     3 ||     6
Dodge: Dodged            |    11 |     5 |    35 ||    51
